 Dungeon Crawl Stone Soup version 0.29.1-12-g30fa7ad0bf (webtiles) character file.

Game seed: 16712247584567016394

37 GigaChad the Covered (level 3, -8/33 HPs)
             Began as a Minotaur Fighter on Dec 12, 2022.
             Mangled by Crazy Yiuf
             ... wielding a +4 quarterstaff of chaos
              (10 damage)
             ... on level 2 of the Dungeon.
             The game lasted 00:01:32 (1000 turns).

GigaChad the Covered (Minotaur Fighter)             Turns: 1000, Time: 00:01:33

Health: -8/33      AC:  9    Str: 22    XL:     3   Next: 23%
Magic:  2/2        EV:  9    Int:  5    God:
Gold:   43         SH:  4    Dex:  9    Spells: 2/2 levels left

rFire   . . .      SeeInvis .   a - +0 war axe
rCold   . . .      Faith    .   c - +0 buckler
rNeg    . . .      Spirit   .   b - +0 scale mail
rPois   .          Reflect  .   (helmet restricted)
rElec   .          Harm     .   e - +1 cloak
rCorr   .          Rampage  .   (no gloves)
Will    .....                   (no boots)
Stlth   ..........              (no amulet)
HPRegen 0.11/turn               (no ring)
MPRegen 0.08/turn               (no ring)

@: no status effects
A: horns 2, retaliatory headbutt
a: no special abilities


You were on level 2 of the Dungeon.
You visited 1 branch of the dungeon, and saw 2 of its levels.

You collected 43 gold pieces.

Inventory:

Hand Weapons
 a - a +0 war axe (weapon)
Armour
 b - a +0 scale mail (worn)
 c - a +0 buckler (worn)
 e - a +1 cloak (worn)
Scrolls
 f - a scroll of immolation {unknown}
 h - 2 scrolls of identify {unknown}
 i - 4 scrolls of fog {unknown}
 j - a scroll of vulnerability {unknown}
Potions
 d - a potion of might
 g - a potion of curing {unknown}
 k - a potion of attraction {unknown}
 l - a potion of degeneration {unknown}
 m - 2 potions of lignification {unknown}


   Skills:
 + Level 3.9 Fighting
 + Level 3.2 Axes
 + Level 4.3 Armour
 + Level 0.1 Stealth
 + Level 3.8 Shields


You had 2 spell levels left.
You didn't know any spells.
Your spell library contained the following spells:

 Spells                   Type           Power      Damage    Failure   Level
 Ensorcelled Hibernation  Hex/Ice        0%         N/A       95%         2
 Portal Projectile        Hex/Tloc       0%         N/A       99%         3
 Spider Form              Tmut/Pois      0%         N/A       99%         3
 Tukima's Dance           Hex            0%         N/A       99%         3
 Anguish                  Hex/Necr       0%         N/A       100%        4
 Blade Hands              Tmut           0%         N/A       100%        5


Dungeon Overview and Level Annotations

Branches:
Dungeon (2/15)

Altars:

Annotations:
D:2 Crazy Yiuf


Innate Abilities, Weirdness & Mutations

You have a pair of horns on your head.
You reflexively headbutt those who attack you in melee.


Message History

You kill the hobgoblin!
You see here a dart slug corpse.
Found a hammer.
Found a hammer.
Found a runed translucent door.
Found a hammer.
Crazy Yiuf shouts!
Found two hammers.
Crazy Yiuf says, "Tonal sing-song foot!"
You see here a +0 hammer.
A kobold comes into view.
It is wielding a +1 dagger of electrocution.
The kobold hits you but does no damage.
You barely miss the kobold. The kobold closely misses you.
You block the kobold's attack.
You miss the kobold. The kobold hits you but does no damage.
You hit the kobold.
The kobold is heavily wounded.
You block the kobold's attack.
You hit the kobold.
You kill the kobold!
Found 6 gold pieces.
You see here a +1 dagger of electrocution.
You see here a +0 hammer.
You open the door. You slash Crazy Yiuf! You headbutt Crazy Yiuf!
Crazy Yiuf is almost dead.
Crazy Yiuf hits you with a +4 quarterstaff of chaos!
You completely miss Crazy Yiuf.
Crazy Yiuf is almost dead.
Crazy Yiuf screams, "Scoff wrapper sizzlefizz!"
Crazy Yiuf hits you with a +4 quarterstaff of chaos!
* * * LOW HITPOINT WARNING * * *
Crazy Yiuf burns you.
* * * LOW HITPOINT WARNING * * *
Crazy Yiuf hits you with a +4 quarterstaff of chaos.
* * * LOW HITPOINT WARNING * * *
Crazy Yiuf draws strength from your wounds!
You closely miss Crazy Yiuf.
Crazy Yiuf is severely wounded.
Crazy Yiuf hits you with a +4 quarterstaff of chaos!
You die...

#....# #.#
##..##
#########.#
♣....♣
#.........#
♣♣..)♣
###########
♣♣.♣♣ ♣♣.♣
♣.♣♣ ♣♣.♣
♣@♣♣ #g#
..) #.))#
#)..# #####


You could see Crazy Yiuf.

Vanquished Creatures
  A worm (D:2)
  2 dart slugs
  2 endoplasms
  5 hobgoblins
  2 quokkas (D:1)
  A ball python (D:2)
  2 bats (D:1)
  3 frilled lizards
  4 goblins
  5 kobolds
  3 rats (D:1)
30 creatures vanquished.

Notes
Turn   | Place    | Note
-------+----------+-------------------------------------------
     0 | D:1      | GigaChad the Minotaur Fighter began the quest for the Orb.
     0 | D:1      | Reached XP level 1. HP: 19/19 MP: 0/0
   231 | D:1      | Reached skill level 4 in Armour
   313 | D:1      | Reached XP level 2. HP: 27/27 MP: 1/1
   321 | D:1      | Found a faded altar of an unknown god.
   829 | D:2      | Reached XP level 3. HP: 32/33 MP: 2/2
   900 | D:2      | Found a runed translucent door.
   901 | D:2      | Noticed Crazy Yiuf
  1000 | D:2      | Mangled by Crazy Yiuf

Illustrated notes

Levels and vault maps discovered:
D:1:      erik_arrival_cave_to_civilisation [erik_arrival_cave_to_hall],
          layout_basic, basic_ecumenical_altar
D:2:      minmay_angry_zag, layout_loops_ring, uniq_crazy_yiuf_cottage

Skill      XL: |  1  2 |
---------------+-------+-----
Armour         | 4 |  4.3
Axes           | 3 |  3.2
Fighting       | |  3.9
Stealth        | |  0.1
Shields        | |  3.8

Action                   || total
-------------------------++-------
Melee: War axe           ||    74
       Headbutt          ||     7
Armor: Scale mail        ||    36
Dodge: Dodged            ||    33
Block: Buckler           ||    15
